Map: 16-Bit LE

Players

A.I. 1 (Very Easy)

  • Race: Protoss Protoss
  • Spawn Location: 7:00

scrangobango

  • Race: Terran Terran
  • Spawn Location: 1:00

VOD

Have the link to the VOD?

Description

Time

  • Played on: Jan. 15, 2022, 5:28 p.m.
  • Length: 42:19
Show
View Real Time Build Order
Export as new Build Order

A.I. 1 (Very Easy) Protoss 

Build Orders:  

Get SALT Encoding   

    16:16  Protoss Ground Weapons Level 3, Protoss Ground Armor Level 3, Protoss Shields Level 3  
    16:38  Terran Infantry Armor Level 3, Terran Ship Weapons Level 3, Protoss Air Weapons Level 3, Zerg Missile Weapons Level 3, Zerg Flyer Armor Level 3, Protoss Air Armor Level 3, Terran Vehicle Weapons Level 3, Zerg Flyer Weapons Level 3, Zerg Melee Weapons Level 3, Zerg Ground Armor Level 3, Terran Ship Armor Level 3, Terran Infantry Weapons Level 3, Terran Vehicle Armor Level 3  
    16:41  Protoss Shields Level 2, Protoss Ground Armor Level 2, Protoss Ground Weapons Level 2  
    16:59  Terran Ship Weapons Level 2, Terran Ship Armor Level 2, Terran Vehicle Weapons Level 2, Zerg Flyer Weapons Level 2, Terran Infantry Weapons Level 2, Zerg Missile Weapons Level 2, Zerg Flyer Armor Level 2, Zerg Ground Armor Level 2, Zerg Melee Weapons Level 2, Protoss Air Weapons Level 2, Protoss Air Armor Level 2, Terran Infantry Armor Level 2, Terran Vehicle Armor Level 2  
    17:06  Protoss Ground Weapons Level 1, Protoss Ground Armor Level 1, Protoss Shields Level 1  
    17:14  Blink  
    17:17  Protoss Ground Weapons Level 3, Protoss Ground Armor Level 3, Protoss Shields Level 3  
    17:21  Terran Vehicle Armor Level 1, Terran Ship Armor Level 1, Terran Vehicle Weapons Level 1, Terran Ship Weapons Level 1, Zerg Flyer Armor Level 1, Zerg Ground Armor Level 1, Terran Infantry Weapons Level 1, Zerg Flyer Weapons Level 1, Protoss Air Armor Level 1, Zerg Melee Weapons Level 1, Terran Infantry Armor Level 1, Protoss Air Weapons Level 1, Zerg Missile Weapons Level 1  
    17:35  Warp Gate, Neosteel Armor, Charge, Weapon Refit, Resonating Glaives, Stimpack, Extended Thermal Lance  
    17:39  Terran Infantry Armor Level 3, Terran Ship Weapons Level 3, Protoss Air Weapons Level 3, Zerg Missile Weapons Level 3, Zerg Flyer Armor Level 3, Protoss Air Armor Level 3, Terran Vehicle Weapons Level 3, Zerg Flyer Weapons Level 3, Zerg Melee Weapons Level 3, Zerg Ground Armor Level 3, Terran Ship Armor Level 3, Terran Infantry Weapons Level 3, Terran Vehicle Armor Level 3  
    17:42  Protoss Shields Level 2, Ventral Sacs, Protoss Ground Armor Level 2, Protoss Ground Weapons Level 2, Adrenal Glands  
    17:48  Enduring Locusts  
    17:49  Personal Cloaking  
    17:56  Chitinous Plating, Glial Reconstitution, Corvid Reactor, Durable Materials, Metabolic Boost, Neosteel Frame, Infernal Pre-Igniter, Cloaking Field, Centrifugal Hooks, Combat Shield, Psionic Storm, Tunneling Claws, Neural Parasite  
    18:00  Terran Ship Weapons Level 2, Terran Ship Armor Level 2, Terran Vehicle Weapons Level 2, Zerg Flyer Weapons Level 2, Terran Infantry Weapons Level 2, Zerg Missile Weapons Level 2, Zerg Flyer Armor Level 2, Zerg Ground Armor Level 2, Zerg Melee Weapons Level 2, Protoss Air Weapons Level 2, Protoss Air Armor Level 2, Terran Infantry Armor Level 2, Terran Vehicle Armor Level 2  
    18:03  Protoss Ground Weapons Level 3, Protoss Ground Armor Level 3, Protoss Shields Level 3  
    18:04  Muscular Augments x2, Burrow  
    18:07  Protoss Ground Weapons Level 1, Protoss Ground Armor Level 1, Protoss Shields Level 1  
    18:15  Blink  
    18:18  Graviton Catapult, Probe x12, Pathogen Glands, Behemoth Reactor, Gravitic Boosters, Caduceus Reactor, Hi-Sec Auto Tracking, Gravitic Drive, Moebius Reactor  
    18:22  Terran Vehicle Armor Level 1, Terran Ship Armor Level 1, Terran Vehicle Weapons Level 1, Terran Ship Weapons Level 1, Zerg Flyer Armor Level 1, Zerg Ground Armor Level 1, Terran Infantry Weapons Level 1, Zerg Flyer Weapons Level 1, Protoss Air Armor Level 1, Zerg Melee Weapons Level 1, Terran Infantry Armor Level 1, Protoss Air Weapons Level 1, Zerg Missile Weapons Level 1  
    18:25  Terran Infantry Armor Level 3, Terran Ship Weapons Level 3, Protoss Air Weapons Level 3, Zerg Missile Weapons Level 3, Zerg Flyer Armor Level 3, Protoss Air Armor Level 3, Terran Vehicle Weapons Level 3, Zerg Flyer Weapons Level 3, Zerg Melee Weapons Level 3, Zerg Ground Armor Level 3, Terran Ship Armor Level 3, Terran Infantry Weapons Level 3, Terran Vehicle Armor Level 3  
    18:28  Protoss Shields Level 2, Protoss Ground Armor Level 2, Protoss Ground Weapons Level 2  
    18:30  Unknown  
    18:32  Pneumatized Carapace, Concussive Shells  
  13  18:36  Warp Gate, Neosteel Armor, Charge, Weapon Refit, Resonating Glaives, Stimpack, Extended Thermal Lance  
  13  18:43  Adrenal Glands, Ventral Sacs  
  13  18:46  Terran Ship Weapons Level 2, Terran Ship Armor Level 2, Terran Vehicle Weapons Level 2, Zerg Flyer Weapons Level 2, Terran Infantry Weapons Level 2, Zerg Missile Weapons Level 2, Zerg Flyer Armor Level 2, Zerg Ground Armor Level 2, Zerg Melee Weapons Level 2, Protoss Air Weapons Level 2, Protoss Air Armor Level 2, Terran Infantry Armor Level 2, Terran Vehicle Armor Level 2  
  13  18:49  Enduring Locusts  
  13  18:50  Personal Cloaking  
  13  18:53  Protoss Ground Weapons Level 1, Protoss Ground Armor Level 1, Protoss Shields Level 1  
  13  18:57  Chitinous Plating, Glial Reconstitution, Corvid Reactor, Durable Materials, Metabolic Boost, Neosteel Frame, Infernal Pre-Igniter, Cloaking Field, Centrifugal Hooks, Combat Shield, Psionic Storm, Tunneling Claws, Neural Parasite  
  13  18:59  Probe  
  13  19:01  Blink  
  13  19:05  Muscular Augments x2, Burrow  
  13  19:08  Terran Vehicle Armor Level 1, Terran Ship Armor Level 1, Terran Vehicle Weapons Level 1, Terran Ship Weapons Level 1, Zerg Flyer Armor Level 1, Zerg Ground Armor Level 1, Terran Infantry Weapons Level 1, Zerg Flyer Weapons Level 1, Protoss Air Armor Level 1, Zerg Melee Weapons Level 1, Terran Infantry Armor Level 1, Protoss Air Weapons Level 1, Zerg Missile Weapons Level 1  
  13  19:13  Pylon  
  13  19:15  Unknown x5  
    19:19  Graviton Catapult, Pathogen Glands, Behemoth Reactor, Gravitic Boosters, Caduceus Reactor, Hi-Sec Auto Tracking, Gravitic Drive, Moebius Reactor  
    19:22  Warp Gate, Neosteel Armor, Charge, Weapon Refit, Resonating Glaives, Stimpack, Extended Thermal Lance  
    19:29  Adrenal Glands, Ventral Sacs  
    19:32  Probe x12  
    19:33  Pneumatized Carapace, Concussive Shells  
    19:35  Enduring Locusts  
    19:36  Personal Cloaking  
    19:43  Chitinous Plating, Glial Reconstitution, Corvid Reactor, Durable Materials, Metabolic Boost, Neosteel Frame, Infernal Pre-Igniter, Cloaking Field, Centrifugal Hooks, Combat Shield, Psionic Storm, Tunneling Claws, Neural Parasite  
    19:44  Unknown  
  13  19:51  Muscular Augments x2, Burrow  
  13  19:53  Probe  
  13  20:05  Graviton Catapult, Pathogen Glands, Behemoth Reactor, Gravitic Boosters, Caduceus Reactor, Hi-Sec Auto Tracking, Gravitic Drive, Moebius Reactor  
  14  20:11  Protoss Ground Weapons Level 3, Protoss Ground Armor Level 3, Protoss Shields Level 3  
  14  20:16  Unknown x5  
  14  20:19  Pneumatized Carapace, Concussive Shells  
    20:23  Probe x12  
    20:33  Terran Infantry Armor Level 3, Terran Ship Weapons Level 3, Protoss Air Weapons Level 3, Zerg Missile Weapons Level 3, Zerg Flyer Armor Level 3, Protoss Air Armor Level 3, Terran Vehicle Weapons Level 3, Zerg Flyer Weapons Level 3, Zerg Melee Weapons Level 3, Zerg Ground Armor Level 3, Terran Ship Armor Level 3, Terran Infantry Weapons Level 3, Terran Vehicle Armor Level 3  
    20:35  Unknown  
  12  20:36  Protoss Shields Level 2, Protoss Ground Armor Level 2, Protoss Ground Weapons Level 2  
  12  20:38  Probe  
  13  20:54  Terran Ship Weapons Level 2, Terran Ship Armor Level 2, Terran Vehicle Weapons Level 2, Zerg Flyer Weapons Level 2, Terran Infantry Weapons Level 2, Zerg Missile Weapons Level 2, Zerg Flyer Armor Level 2, Zerg Ground Armor Level 2, Zerg Melee Weapons Level 2, Protoss Air Weapons Level 2, Protoss Air Armor Level 2, Terran Infantry Armor Level 2, Terran Vehicle Armor Level 2  
  14  21:01  Protoss Ground Weapons Level 1, Protoss Ground Armor Level 1, Protoss Shields Level 1  
  14  21:02  Unknown x5, Probe x12  
    21:09  Blink  
    21:14  Unknown  
    21:16  Terran Vehicle Armor Level 1, Terran Ship Armor Level 1, Terran Vehicle Weapons Level 1, Terran Ship Weapons Level 1, Zerg Flyer Armor Level 1, Zerg Ground Armor Level 1, Terran Infantry Weapons Level 1, Zerg Flyer Weapons Level 1, Protoss Air Armor Level 1, Zerg Melee Weapons Level 1, Terran Infantry Armor Level 1, Protoss Air Weapons Level 1, Zerg Missile Weapons Level 1  
    21:17  Probe  
  13  21:29  Probe  
  13  21:30  Warp Gate, Neosteel Armor, Charge, Weapon Refit, Resonating Glaives, Stimpack, Extended Thermal Lance  
  14  21:37  Pylon, Adrenal Glands, Ventral Sacs  
  14  21:41  Probe  
  14  21:43  Enduring Locusts  
  14  21:44  Personal Cloaking  
  15  21:51  Chitinous Plating, Glial Reconstitution, Probe, Corvid Reactor, Durable Materials, Metabolic Boost, Neosteel Frame, Infernal Pre-Igniter, Cloaking Field, Centrifugal Hooks, Combat Shield, Psionic Storm, Tunneling Claws, Neural Parasite  
  15  21:59  Muscular Augments x2, Probe, Burrow  
  16  22:04  Pylon  
  17  22:08  Probe  
  17  22:11  Pylon  
  17  22:13  Graviton Catapult, Pathogen Glands, Behemoth Reactor, Gravitic Boosters, Caduceus Reactor, Hi-Sec Auto Tracking, Gravitic Drive, Moebius Reactor  
  18  22:27  Pneumatized Carapace, Concussive Shells  
  18  22:31  Gateway  
  18  23:10  Unknown x5  
    23:39  Probe x12  
    23:51  Unknown  
    23:54  Probe  
  13  24:06  Probe  
  14  24:18  Probe  
  15  24:25  Pylon  
  15  24:39  Probe  
  16  24:56  Nexus  
  16  25:07  Gateway  
  16  25:16  Pylon  
  16  25:25  Pylon  
  16  25:35  Probe  
  17  25:43  Probe  
  18  25:51  Probe  
  19  25:59  Probe  
  20  26:06  Probe, Gateway  
  21  26:13  Probe  
  22  26:18  Probe  
  23  26:29  Probe  
  24  26:36  Probe  
  24  26:38  Protoss Ground Weapons Level 3, Protoss Ground Armor Level 3, Protoss Shields Level 3  
  25  26:44  Probe  
  26  26:51  Probe  
  27  26:54  Gateway  
  27  26:55  Probe  
  27  27:00  Terran Infantry Armor Level 3, Terran Ship Weapons Level 3, Protoss Air Weapons Level 3, Zerg Missile Weapons Level 3, Zerg Flyer Armor Level 3, Protoss Air Armor Level 3, Terran Vehicle Weapons Level 3, Zerg Flyer Weapons Level 3, Zerg Melee Weapons Level 3, Zerg Ground Armor Level 3, Terran Ship Armor Level 3, Terran Infantry Weapons Level 3, Terran Vehicle Armor Level 3  
  28  27:03  Protoss Shields Level 2, Probe, Protoss Ground Armor Level 2, Protoss Ground Weapons Level 2  
  29  27:08  Probe  
  30  27:15  Probe  
  30  27:21  Terran Ship Weapons Level 2, Terran Ship Armor Level 2, Terran Vehicle Weapons Level 2, Zerg Flyer Weapons Level 2, Terran Infantry Weapons Level 2, Zerg Missile Weapons Level 2, Zerg Flyer Armor Level 2, Zerg Ground Armor Level 2, Zerg Melee Weapons Level 2, Protoss Air Weapons Level 2, Protoss Air Armor Level 2, Terran Infantry Armor Level 2, Terran Vehicle Armor Level 2  
  31  27:23  Zealot  
  31  27:27  Probe  
  31  27:28  Protoss Ground Weapons Level 1, Protoss Ground Armor Level 1, Protoss Shields Level 1  
  34  27:34  Probe  
  34  27:36  Blink  
  35  27:41  Probe  
  35  27:43  Terran Vehicle Armor Level 1, Terran Ship Armor Level 1, Terran Vehicle Weapons Level 1, Terran Ship Weapons Level 1, Zerg Flyer Armor Level 1, Zerg Ground Armor Level 1, Terran Infantry Weapons Level 1, Zerg Flyer Weapons Level 1, Protoss Air Armor Level 1, Zerg Melee Weapons Level 1, Terran Infantry Armor Level 1, Protoss Air Weapons Level 1, Zerg Missile Weapons Level 1  
  36  27:48  Probe  
  37  27:55  Probe  
  37  27:57  Warp Gate, Neosteel Armor, Charge, Weapon Refit, Resonating Glaives, Stimpack, Extended Thermal Lance  
  38  28:02  Probe  
  38  28:04  Adrenal Glands, Ventral Sacs  
  39  28:06  Probe  
  39  28:09  Cybernetics Core  
  39  28:10  Enduring Locusts  
  39  28:11  Personal Cloaking  
  40  28:13  Probe  
  40  28:18  Chitinous Plating, Glial Reconstitution, Corvid Reactor, Durable Materials, Metabolic Boost, Neosteel Frame, Infernal Pre-Igniter, Cloaking Field, Centrifugal Hooks, Combat Shield, Psionic Storm, Tunneling Claws, Neural Parasite  
  41  28:20  Probe  
  41  28:26  Muscular Augments x2, Burrow  
  42  28:27  Probe  
  43  28:38  Probe  
  43  28:40  Graviton Catapult, Pathogen Glands, Behemoth Reactor, Gravitic Boosters, Caduceus Reactor, Hi-Sec Auto Tracking, Gravitic Drive, Moebius Reactor  
  44  28:45  Probe  
  45  28:52  Probe  
  45  28:54  Pneumatized Carapace, Concussive Shells  
  46  28:59  Probe  
  46  29:02  Pylon  
  47  29:07  Probe  
  48  29:10  Probe  
  49  29:17  Probe  
  51  29:37  Unknown x5  
    29:44  Protoss Ground Weapons Level 3, Protoss Ground Armor Level 3, Protoss Shields Level 3  
    30:06  Terran Infantry Armor Level 3, Terran Ship Weapons Level 3, Protoss Air Weapons Level 3, Zerg Missile Weapons Level 3, Zerg Flyer Armor Level 3, Protoss Air Armor Level 3, Terran Vehicle Weapons Level 3, Zerg Flyer Weapons Level 3, Zerg Melee Weapons Level 3, Zerg Ground Armor Level 3, Terran Ship Armor Level 3, Terran Infantry Weapons Level 3, Terran Vehicle Armor Level 3  
    30:09  Protoss Ground Armor Level 2, Probe x12, Protoss Ground Weapons Level 2, Protoss Shields Level 2  
    30:21  Unknown, Probe  
  13  30:27  Terran Ship Weapons Level 2, Terran Ship Armor Level 2, Terran Vehicle Weapons Level 2, Zerg Flyer Weapons Level 2, Terran Infantry Weapons Level 2, Zerg Missile Weapons Level 2, Zerg Flyer Armor Level 2, Zerg Ground Armor Level 2, Zerg Melee Weapons Level 2, Protoss Air Weapons Level 2, Protoss Air Armor Level 2, Terran Infantry Armor Level 2, Terran Vehicle Armor Level 2  
  13  30:33  Probe  
  13  30:34  Protoss Ground Weapons Level 1, Protoss Ground Armor Level 1, Protoss Shields Level 1  
  14  30:42  Blink  
  14  30:45  Probe  
  14  30:49  Terran Vehicle Armor Level 1, Terran Ship Armor Level 1, Terran Vehicle Weapons Level 1, Terran Ship Weapons Level 1, Zerg Flyer Armor Level 1, Zerg Ground Armor Level 1, Terran Infantry Weapons Level 1, Zerg Flyer Weapons Level 1, Protoss Air Armor Level 1, Zerg Melee Weapons Level 1, Terran Infantry Armor Level 1, Protoss Air Weapons Level 1, Zerg Missile Weapons Level 1  
  15  30:56  Pylon  
  15  31:03  Warp Gate, Neosteel Armor, Charge, Weapon Refit, Resonating Glaives, Stimpack, Extended Thermal Lance  
  15  31:10  Adrenal Glands, Ventral Sacs, Probe  
  15  31:12  Pylon  
  15  31:15  Pylon  
  15  31:16  Enduring Locusts  
  15  31:17  Personal Cloaking  
  16  31:24  Chitinous Plating, Glial Reconstitution, Corvid Reactor, Durable Materials, Metabolic Boost, Neosteel Frame, Infernal Pre-Igniter, Cloaking Field, Centrifugal Hooks, Combat Shield, Psionic Storm, Tunneling Claws, Neural Parasite  
  16  31:31  Gateway  
  16  31:32  Muscular Augments x2, Burrow  
  16  31:46  Graviton Catapult, Pathogen Glands, Behemoth Reactor, Gravitic Boosters, Caduceus Reactor, Hi-Sec Auto Tracking, Gravitic Drive, Moebius Reactor  
  16  31:56  Probe  
  16  32:00  Pneumatized Carapace, Concussive Shells  
  17  32:16  Probe  
  17  32:21  Cybernetics Core  
  18  32:24  Probe  
  20  32:43  Unknown x5  
    33:18  Probe x12  
    33:30  Unknown, Probe  
  13  33:42  Probe  
  14  33:54  Probe  
  15  34:03  Pylon  
  15  34:18  Probe  
  15  34:21  Pylon  
  16  34:38  Gateway  
  16  34:56  Nexus  
  16  35:03  Probe  
  16  35:04  Pylon  
  17  35:11  Probe  
  17  35:21  Probe  
  19  35:32  Probe  
  19  35:34  Gateway  
  20  35:40  Probe  
  20  35:48  Probe  
  22  35:58  Probe  
  23  36:06  Probe  
  24  36:13  Probe  
  24  36:16  Probe  
  25  36:23  Gateway  
  26  36:27  Probe  
  26  36:32  Probe  
  28  36:41  Probe  
  28  36:44  Probe  
  30  36:55  Zealot  
  30  36:56  Probe  
  33  37:03  Probe  
  34  37:10  Probe  
  35  37:17  Probe  
  36  37:24  Probe  
  36  37:25  Cybernetics Core  
  37  37:31  Probe  
  37  37:36  Probe  
  39  37:46  Probe  
  39  37:49  Probe  
  41  38:00  Probe  
  42  38:06  Probe  
  43  38:14  Probe  
  43  38:17  Probe  
  44  38:20  Pylon  
  45  38:29  Probe  
  46  38:36  Probe  
  47  38:43  Probe  
  47  38:46  Probe  
  49  38:57  Probe  
  50  39:03  Probe  
  51  39:11  Probe  
  51  39:14  Pylon  
  52  39:19  Probe  
  52  39:22  Probe  
  54  39:32  Zealot  
  54  39:33  Probe  
  54  39:37  Probe  
  56  39:47  Probe  
  56  39:51  Pylon, Probe  
  54  39:59  Zealot  
  37  40:02  Probe  
  37  40:05  Probe  
  22  40:09  Pylon  
  15  40:16  Probe  
  13  40:23  Probe  
  13  40:24  Zealot  
  14  40:30  Probe  
  14  40:37  Probe  
  14  40:45  Pylon, Probe  
  14  40:47  Assimilator  
  14  40:49  Probe  
  13  40:59  Probe  
  13  41:02  Probe  
  13  41:05  Cybernetics Core  
  13  41:08  Pylon  
  13  41:11  Gateway  
Show
View Real Time Build Order
Export as new Build Order

scrangobango Terran 

Build Orders:  

Get SALT Encoding   

    16:16  Protoss Ground Weapons Level 3, Protoss Ground Armor Level 3, Protoss Shields Level 3  
    16:38  Terran Infantry Armor Level 3, Terran Ship Weapons Level 3, Protoss Air Weapons Level 3, Zerg Missile Weapons Level 3, Zerg Flyer Armor Level 3, Protoss Air Armor Level 3, Terran Vehicle Weapons Level 3, Zerg Flyer Weapons Level 3, Zerg Melee Weapons Level 3, Zerg Ground Armor Level 3, Terran Ship Armor Level 3, Terran Infantry Weapons Level 3, Terran Vehicle Armor Level 3  
    16:41  Protoss Shields Level 2, Protoss Ground Armor Level 2, Protoss Ground Weapons Level 2  
    16:59  Terran Ship Weapons Level 2, Terran Ship Armor Level 2, Terran Vehicle Weapons Level 2, Zerg Flyer Weapons Level 2, Terran Infantry Weapons Level 2, Zerg Missile Weapons Level 2, Zerg Flyer Armor Level 2, Zerg Ground Armor Level 2, Zerg Melee Weapons Level 2, Protoss Air Weapons Level 2, Protoss Air Armor Level 2, Terran Infantry Armor Level 2, Terran Vehicle Armor Level 2  
    17:06  Protoss Ground Weapons Level 1, Protoss Ground Armor Level 1, Protoss Shields Level 1  
    17:14  Blink  
    17:17  Protoss Ground Weapons Level 3, Protoss Ground Armor Level 3, Protoss Shields Level 3  
    17:21  Terran Vehicle Armor Level 1, Terran Ship Armor Level 1, Terran Vehicle Weapons Level 1, Terran Ship Weapons Level 1, Zerg Flyer Armor Level 1, Zerg Ground Armor Level 1, Terran Infantry Weapons Level 1, Zerg Flyer Weapons Level 1, Protoss Air Armor Level 1, Zerg Melee Weapons Level 1, Terran Infantry Armor Level 1, Protoss Air Weapons Level 1, Zerg Missile Weapons Level 1  
    17:35  Warp Gate, Neosteel Armor, Charge, Weapon Refit, Resonating Glaives, Stimpack, Extended Thermal Lance  
    17:39  Terran Infantry Armor Level 3, Terran Ship Weapons Level 3, Protoss Air Weapons Level 3, Zerg Missile Weapons Level 3, Zerg Flyer Armor Level 3, Protoss Air Armor Level 3, Terran Vehicle Weapons Level 3, Zerg Flyer Weapons Level 3, Zerg Melee Weapons Level 3, Zerg Ground Armor Level 3, Terran Ship Armor Level 3, Terran Infantry Weapons Level 3, Terran Vehicle Armor Level 3  
    17:42  Protoss Shields Level 2, Ventral Sacs, Protoss Ground Armor Level 2, Protoss Ground Weapons Level 2, Adrenal Glands  
    17:48  Enduring Locusts  
    17:49  Personal Cloaking  
    17:56  Chitinous Plating, Glial Reconstitution, Corvid Reactor, Durable Materials, Metabolic Boost, Neosteel Frame, Infernal Pre-Igniter, Cloaking Field, Centrifugal Hooks, Combat Shield, Psionic Storm, Tunneling Claws, Neural Parasite  
    18:00  Terran Ship Weapons Level 2, Terran Ship Armor Level 2, Terran Vehicle Weapons Level 2, Zerg Flyer Weapons Level 2, Terran Infantry Weapons Level 2, Zerg Missile Weapons Level 2, Zerg Flyer Armor Level 2, Zerg Ground Armor Level 2, Zerg Melee Weapons Level 2, Protoss Air Weapons Level 2, Protoss Air Armor Level 2, Terran Infantry Armor Level 2, Terran Vehicle Armor Level 2  
    18:03  Protoss Ground Weapons Level 3, Protoss Ground Armor Level 3, Protoss Shields Level 3  
    18:04  Muscular Augments x2, Burrow  
    18:07  Protoss Ground Weapons Level 1, Protoss Ground Armor Level 1, Protoss Shields Level 1  
    18:15  Blink  
    18:18  Graviton Catapult, Pathogen Glands, Behemoth Reactor, Gravitic Boosters, Caduceus Reactor, Hi-Sec Auto Tracking, SCV x12, Gravitic Drive, Moebius Reactor  
    18:22  Terran Vehicle Armor Level 1, Terran Ship Armor Level 1, Terran Vehicle Weapons Level 1, Terran Ship Weapons Level 1, Zerg Flyer Armor Level 1, Zerg Ground Armor Level 1, Terran Infantry Weapons Level 1, Zerg Flyer Weapons Level 1, Protoss Air Armor Level 1, Zerg Melee Weapons Level 1, Terran Infantry Armor Level 1, Protoss Air Weapons Level 1, Zerg Missile Weapons Level 1  
    18:25  Terran Infantry Armor Level 3, Terran Ship Weapons Level 3, Protoss Air Weapons Level 3, Zerg Missile Weapons Level 3, Zerg Flyer Armor Level 3, Protoss Air Armor Level 3, Terran Vehicle Weapons Level 3, Zerg Flyer Weapons Level 3, Zerg Melee Weapons Level 3, Zerg Ground Armor Level 3, Terran Ship Armor Level 3, Terran Infantry Weapons Level 3, Terran Vehicle Armor Level 3  
    18:28  Protoss Shields Level 2, Protoss Ground Armor Level 2, Protoss Ground Weapons Level 2  
    18:30  Unknown  
    18:32  Pneumatized Carapace, Concussive Shells  
  13  18:36  Warp Gate, Neosteel Armor, Charge, Weapon Refit, Resonating Glaives, Stimpack, Extended Thermal Lance  
  13  18:43  Adrenal Glands, Ventral Sacs  
  13  18:46  Terran Ship Weapons Level 2, Terran Ship Armor Level 2, Terran Vehicle Weapons Level 2, Zerg Flyer Weapons Level 2, Terran Infantry Weapons Level 2, Zerg Missile Weapons Level 2, Zerg Flyer Armor Level 2, Zerg Ground Armor Level 2, Zerg Melee Weapons Level 2, Protoss Air Weapons Level 2, Protoss Air Armor Level 2, Terran Infantry Armor Level 2, Terran Vehicle Armor Level 2  
  13  18:49  Enduring Locusts  
  13  18:50  Personal Cloaking  
  13  18:53  Protoss Ground Weapons Level 1, Protoss Ground Armor Level 1, Protoss Shields Level 1  
  13  18:57  Chitinous Plating, Glial Reconstitution, Corvid Reactor, Durable Materials, Metabolic Boost, Neosteel Frame, Infernal Pre-Igniter, Cloaking Field, Centrifugal Hooks, Combat Shield, Psionic Storm, Tunneling Claws, Neural Parasite  
  13  19:00  SCV  
  13  19:01  Blink  
  13  19:05  Muscular Augments x2, Burrow  
  13  19:08  Terran Vehicle Armor Level 1, Terran Ship Armor Level 1, Terran Vehicle Weapons Level 1, Terran Ship Weapons Level 1, Zerg Flyer Armor Level 1, Zerg Ground Armor Level 1, Terran Infantry Weapons Level 1, Zerg Flyer Weapons Level 1, Protoss Air Armor Level 1, Zerg Melee Weapons Level 1, Terran Infantry Armor Level 1, Protoss Air Weapons Level 1, Zerg Missile Weapons Level 1  
  13  19:15  Unknown x5  
    19:19  Graviton Catapult, Pathogen Glands, Behemoth Reactor, Gravitic Boosters, Caduceus Reactor, Hi-Sec Auto Tracking, Gravitic Drive, Moebius Reactor  
    19:22  Warp Gate, Neosteel Armor, Charge, Weapon Refit, Resonating Glaives, Stimpack, Extended Thermal Lance  
    19:29  Adrenal Glands, Ventral Sacs  
    19:32  SCV x12  
    19:33  Pneumatized Carapace, Concussive Shells  
    19:35  Enduring Locusts  
    19:36  Personal Cloaking  
    19:43  Chitinous Plating, Glial Reconstitution, Corvid Reactor, Durable Materials, Metabolic Boost, Neosteel Frame, Infernal Pre-Igniter, Cloaking Field, Centrifugal Hooks, Combat Shield, Psionic Storm, Tunneling Claws, Neural Parasite  
    19:44  Unknown  
  13  19:51  Muscular Augments x2, Burrow  
  13  19:53  SCV  
  13  20:05  Graviton Catapult, Pathogen Glands, Behemoth Reactor, Gravitic Boosters, Caduceus Reactor, Hi-Sec Auto Tracking, Gravitic Drive, Moebius Reactor  
  14  20:11  Protoss Ground Weapons Level 3, Protoss Ground Armor Level 3, Protoss Shields Level 3  
  14  20:14  Supply Depot  
  14  20:16  Unknown x5  
  14  20:19  Pneumatized Carapace, Concussive Shells  
    20:23  SCV x12  
    20:33  Terran Infantry Armor Level 3, Terran Ship Weapons Level 3, Protoss Air Weapons Level 3, Zerg Missile Weapons Level 3, Zerg Flyer Armor Level 3, Protoss Air Armor Level 3, Terran Vehicle Weapons Level 3, Zerg Flyer Weapons Level 3, Zerg Melee Weapons Level 3, Zerg Ground Armor Level 3, Terran Ship Armor Level 3, Terran Infantry Weapons Level 3, Terran Vehicle Armor Level 3  
    20:35  Unknown  
  12  20:36  Protoss Shields Level 2, Protoss Ground Armor Level 2, Protoss Ground Weapons Level 2, SCV  
  13  20:52  Supply Depot  
  13  20:54  Terran Ship Weapons Level 2, Terran Ship Armor Level 2, Terran Vehicle Weapons Level 2, Zerg Flyer Weapons Level 2, Terran Infantry Weapons Level 2, Zerg Missile Weapons Level 2, Zerg Flyer Armor Level 2, Zerg Ground Armor Level 2, Zerg Melee Weapons Level 2, Protoss Air Weapons Level 2, Protoss Air Armor Level 2, Terran Infantry Armor Level 2, Terran Vehicle Armor Level 2  
  14  21:01  Protoss Ground Weapons Level 1, Protoss Ground Armor Level 1, Protoss Shields Level 1  
  14  21:02  Unknown x5, SCV x12  
    21:09  Blink  
    21:14  Unknown  
    21:16  Terran Vehicle Armor Level 1, Terran Ship Armor Level 1, Terran Vehicle Weapons Level 1, Terran Ship Weapons Level 1, Zerg Flyer Armor Level 1, Zerg Ground Armor Level 1, Terran Infantry Weapons Level 1, Zerg Flyer Weapons Level 1, Protoss Air Weapons Level 1, Protoss Air Armor Level 1, Zerg Melee Weapons Level 1, Terran Infantry Armor Level 1, SCV, Zerg Missile Weapons Level 1  
  13  21:28  SCV  
  13  21:30  Warp Gate, Neosteel Armor, Charge, Weapon Refit, Resonating Glaives, Stimpack, Extended Thermal Lance  
  14  21:34  Supply Depot  
  14  21:37  Adrenal Glands, Ventral Sacs  
  14  21:40  SCV  
  14  21:43  Enduring Locusts  
  14  21:44  Personal Cloaking  
  15  21:51  Chitinous Plating, Glial Reconstitution, Corvid Reactor, Durable Materials, Metabolic Boost, Neosteel Frame, Infernal Pre-Igniter, Cloaking Field, Centrifugal Hooks, Combat Shield, Psionic Storm, Tunneling Claws, Neural Parasite  
  15  21:56  SCV  
  15  21:59  Barracks, Muscular Augments x2, Burrow  
  16  22:05  Refinery  
  16  22:09  SCV  
  16  22:13  Graviton Catapult, Pathogen Glands, Behemoth Reactor, Gravitic Boosters, Caduceus Reactor, Hi-Sec Auto Tracking, Gravitic Drive, Moebius Reactor  
  17  22:21  SCV  
  18  22:27  Pneumatized Carapace, Concussive Shells  
  18  22:33  SCV  
  19  22:45  SCV  
  21  23:02  Command Center  
  21  23:10  Unknown x5  
    23:26  Orbital Command  
    23:39  SCV x12  
    23:52  SCV  
  13  24:04  SCV  
  14  24:10  Supply Depot  
  14  24:16  SCV  
  15  24:31  SCV  
  15  24:34  Refinery  
  15  24:36  Barracks  
  16  24:43  SCV  
  17  24:56  SCV  
  18  25:08  SCV  
  20  25:23  Reaper  
  20  25:24  Orbital Command  
  20  25:36  Command Center  
  20  25:52  SCV  
  21  25:57  Barracks  
  21  25:59  Barracks Tech Lab  
  21  26:03  Barracks Reactor  
  21  26:18  SCV  
  22  26:27  Supply Depot  
  22  26:30  SCV  
  23  26:36  Refinery  
  23  26:38  Protoss Ground Weapons Level 3, Protoss Ground Armor Level 3, Protoss Shields Level 3  
  23  26:47  Marine x2  
  23  26:50  SCV  
  23  26:52  SCV  
  27  26:56  Factory  
  27  27:00  Terran Infantry Armor Level 3, Terran Ship Weapons Level 3, Protoss Air Weapons Level 3, Zerg Missile Weapons Level 3, Zerg Flyer Armor Level 3, Protoss Air Armor Level 3, Terran Vehicle Weapons Level 3, Zerg Flyer Weapons Level 3, Zerg Melee Weapons Level 3, Zerg Ground Armor Level 3, Terran Ship Armor Level 3, Terran Infantry Weapons Level 3, Terran Vehicle Armor Level 3  
  27  27:03  Protoss Shields Level 2, Protoss Ground Armor Level 2, Protoss Ground Weapons Level 2  
  27  27:06  Barracks Tech Lab  
  27  27:10  Marine x2  
  27  27:11  SCV  
  27  27:12  SCV  
  31  27:21  Terran Ship Weapons Level 2, Terran Ship Armor Level 2, Terran Vehicle Weapons Level 2, Zerg Flyer Weapons Level 2, Terran Infantry Weapons Level 2, Zerg Missile Weapons Level 2, Zerg Flyer Armor Level 2, Zerg Ground Armor Level 2, Zerg Melee Weapons Level 2, Protoss Air Weapons Level 2, Protoss Air Armor Level 2, Terran Infantry Armor Level 2, Terran Vehicle Armor Level 2  
  31  27:24  SCV x2  
  31  27:26  Stimpack  
  31  27:28  Marine x2, Protoss Ground Weapons Level 1, Protoss Ground Armor Level 1, Protoss Shields Level 1  
  35  27:36  Blink  
  35  27:40  Starport  
  35  27:42  Factory Reactor  
  35  27:43  Terran Vehicle Armor Level 1, Terran Ship Armor Level 1, Terran Vehicle Weapons Level 1, Terran Ship Weapons Level 1, Zerg Flyer Armor Level 1, Zerg Ground Armor Level 1, Terran Infantry Weapons Level 1, Zerg Flyer Weapons Level 1, Protoss Air Armor Level 1, Zerg Melee Weapons Level 1, Terran Infantry Armor Level 1, Protoss Air Weapons Level 1, Zerg Missile Weapons Level 1  
  35  27:44  SCV  
  35  27:45  Marine, SCV  
  35  27:46  Marine  
  39  27:52  Marine  
  39  27:56  SCV  
  39  27:57  Warp Gate, Neosteel Armor, Charge, Weapon Refit, Resonating Glaives, Stimpack, Extended Thermal Lance, SCV  
  39  27:58  Supply Depot  
  42  28:03  Marine  
  42  28:04  Marine, Adrenal Glands, Ventral Sacs  
  44  28:09  Engineering Bay, SCV x2  
  44  28:10  Enduring Locusts  
  44  28:11  Personal Cloaking  
  46  28:18  Chitinous Plating, Glial Reconstitution, Corvid Reactor, Durable Materials, Metabolic Boost, Neosteel Frame, Infernal Pre-Igniter, Cloaking Field, Centrifugal Hooks, Combat Shield, Psionic Storm, Tunneling Claws, Neural Parasite  
  46  28:19  Marine  
  47  28:21  Marine, SCV x2  
  47  28:26  Muscular Augments x2, Burrow  
  50  28:38  Marine x2  
  50  28:39  Marine, SCV  
  50  28:40  Graviton Catapult, Pathogen Glands, Behemoth Reactor, Gravitic Boosters, Caduceus Reactor, Hi-Sec Auto Tracking, Gravitic Drive, Moebius Reactor  
  54  28:47  Supply Depot  
  54  28:54  Pneumatized Carapace, Concussive Shells  
  54  29:00  Supply Depot  
  54  29:08  Marine, SCV x2  
  61  29:20  SCV  
  62  29:26  Refinery  
  62  29:37  Unknown x5  
    29:44  Protoss Ground Weapons Level 3, Protoss Ground Armor Level 3, Protoss Shields Level 3  
    29:56  Orbital Command  
    30:06  Terran Infantry Armor Level 3, Terran Ship Weapons Level 3, Protoss Air Weapons Level 3, Zerg Missile Weapons Level 3, Zerg Flyer Armor Level 3, Protoss Air Armor Level 3, Terran Vehicle Weapons Level 3, Zerg Flyer Weapons Level 3, Zerg Melee Weapons Level 3, Zerg Ground Armor Level 3, Terran Ship Armor Level 3, Terran Infantry Weapons Level 3, Terran Vehicle Armor Level 3  
    30:09  Protoss Shields Level 2, Protoss Ground Armor Level 2, Protoss Ground Weapons Level 2, SCV x12  
  12  30:22  SCV  
  12  30:27  Terran Ship Weapons Level 2, Terran Ship Armor Level 2, Terran Vehicle Weapons Level 2, Zerg Flyer Weapons Level 2, Terran Infantry Weapons Level 2, Zerg Missile Weapons Level 2, Zerg Flyer Armor Level 2, Zerg Ground Armor Level 2, Zerg Melee Weapons Level 2, Protoss Air Weapons Level 2, Protoss Air Armor Level 2, Terran Infantry Armor Level 2, Terran Vehicle Armor Level 2  
  13  30:34  Protoss Ground Weapons Level 1, Protoss Ground Armor Level 1, SCV, Protoss Shields Level 1  
  14  30:39  Supply Depot  
  14  30:42  Blink  
  14  30:46  SCV  
  14  30:49  Terran Vehicle Armor Level 1, Terran Ship Armor Level 1, Terran Vehicle Weapons Level 1, Terran Ship Weapons Level 1, Zerg Flyer Armor Level 1, Zerg Ground Armor Level 1, Terran Infantry Weapons Level 1, Zerg Flyer Weapons Level 1, Protoss Air Armor Level 1, Zerg Melee Weapons Level 1, Terran Infantry Armor Level 1, Protoss Air Weapons Level 1, Zerg Missile Weapons Level 1  
  15  31:01  SCV  
  15  31:03  Warp Gate, Neosteel Armor, Charge, Weapon Refit, Resonating Glaives, Stimpack, Extended Thermal Lance, Refinery  
  16  31:06  Barracks  
  16  31:10  Adrenal Glands, Ventral Sacs  
  16  31:16  Enduring Locusts  
  16  31:17  Personal Cloaking, SCV  
  17  31:24  Chitinous Plating, Glial Reconstitution, Corvid Reactor, Durable Materials, Metabolic Boost, Neosteel Frame, Infernal Pre-Igniter, Cloaking Field, Centrifugal Hooks, Combat Shield, Psionic Storm, Tunneling Claws, Neural Parasite  
  17  31:29  SCV  
  17  31:32  Muscular Augments x2, Burrow  
  18  31:46  Graviton Catapult, Pathogen Glands, Behemoth Reactor, Gravitic Boosters, Caduceus Reactor, Hi-Sec Auto Tracking, Gravitic Drive, Moebius Reactor  
  19  31:53  Orbital Command  
  19  31:54  Reaper  
  19  32:00  Pneumatized Carapace, Concussive Shells  
  19  32:04  Command Center  
  19  32:18  SCV  
  20  32:32  Barracks  
  21  32:37  Barracks Tech Lab  
  21  32:43  Unknown x5  
    33:05  Orbital Command  
    33:18  SCV x12  
    33:31  SCV  
  13  33:43  SCV  
  14  33:49  Supply Depot  
  14  33:55  SCV  
  15  34:11  SCV  
  15  34:13  Barracks  
  16  34:19  Refinery  
  16  34:23  SCV  
  17  34:35  SCV  
  18  34:47  SCV  
  19  35:00  Orbital Command  
  19  35:02  Reaper  
  20  35:13  Command Center  
  20  35:26  SCV  
  21  35:31  Barracks  
  21  35:34  Barracks Reactor  
  21  35:38  SCV  
  22  35:44  Supply Depot  
  22  35:50  SCV  
  23  35:58  Refinery  
  23  36:06  SCV  
  23  36:11  Marine x2  
  24  36:18  SCV, Factory  
  27  36:21  Barracks Tech Lab  
  27  36:28  SCV  
  27  36:29  Marine  
  27  36:30  SCV  
  30  36:40  SCV  
  30  36:41  Stimpack  
  30  36:43  Marine, SCV  
  30  36:44  Marine  
  34  36:47  Marine  
  34  36:52  SCV  
  36  36:55  SCV  
  37  37:01  Marine  
  37  37:03  Starport  
  37  37:04  SCV  
  37  37:05  Factory Tech Lab  
  37  37:07  Factory Reactor  
  39  37:13  Marine x2  
  39  37:14  SCV  
  42  37:17  SCV  
  42  37:22  Supply Depot  
  43  37:28  Engineering Bay  
  43  37:33  Marine  
  43  37:34  Marine x2  
  46  37:43  SCV x2  
  48  37:47  Supply Depot  
  48  37:55  Marine  
  48  37:56  Marine x2  
  51  38:07  Medivac  
  51  38:08  Medivac  
  55  38:17  Supply Depot  
  55  38:19  Supply Depot  
  55  38:21  Factory Tech Lab  
  55  38:24  Terran Infantry Weapons Level 1  
  55  38:26  Marine x3  
  58  38:28  SCV x2  
  60  38:34  Refinery  
  60  38:40  SCV x2  
  64  38:44  Siege Tank  
  64  38:46  Marine x2  
  64  38:47  Marine  
  68  38:57  SCV x2  
  70  39:04  Marine x2  
  70  39:09  SCV x2  
  74  39:10  Marine  
  74  39:13  Medivac  
  77  39:21  Supply Depot  
  77  39:22  Marine  
  78  39:35  Supply Depot  
  78  39:42  Marine x3  
  78  39:43  Medivac, Siege Tank  
  78  39:44  Supply Depot  
  84  40:15  Marine x2  
Tags
 
Matchup
PvT
Spawn Locations
Cross Positions
Add a new tag
Caveats
  • Supply blocks, unpowered buildings, or Contaminate may cause inaccurate times.
  • Supply counts are checked every 10 seconds.